 Dungeon Crawl Stone Soup version 0.28-a0-773-g130ae17fe5 (webtiles) character file.

Game seed: 15748543836860662782

4 nikt the Sneak (level 1, 0/9 HPs)
             Began as a Spriggan Enchanter on Nov 2, 2021.
             Slain by a goblin (2 damage)
             ... on level 1 of the Dungeon.
             The game lasted 00:00:23 (144 turns).

nikt the Sneak (Spriggan Enchanter)                  Turns: 144, Time: 00:00:23

Health: 0/9        AC:  2    Str:  4    XL:     1   Next: 58%
Magic:  5/5        EV: 17    Int: 16    God:
Gold:   10         SH:  0    Dex: 15    Spells: 6/6 levels left

rFire   . . .      SeeInvis +   a - +1 dagger
rCold   . . .      Faith    .   (shield restricted)
rNeg    . . .      Spirit   .   b - +0 robe
rPois   .          Reflect  .   (helmet restricted)
rElec   .          Harm     .   (no cloak)
rCorr   .          Rampage  .   (gloves unavailable)
Will    .....                   (boots unavailable)
Stlth   +++.......              (no amulet)
HPRegen 0.03/turn               (no ring)
MPRegen 0.09/turn               (no ring)

@: lethally poisoned (0 -> -12), very quick
A: very small, no large weapons, unfitting armour, see invisible, speed 3
a: no special abilities


You were on level 1 of the Dungeon.
You visited 1 branch of the dungeon, and saw 1 of its levels.

You collected 10 gold pieces.

Inventory:

Hand Weapons
 a - a +1 dagger (weapon)
Armour
 b - a +0 robe (worn)
Potions
 c - a potion of invisibility


   Skills:
 - Level 1.1 Short Blades
 - Level 2.6 Dodging
 - Level 4.4 Stealth
 + Level 3.0 Spellcasting
 + Level 3.8 Hexes


You had 6 spell levels left.
You didn't know any spells.
Your spell library contained the following spells:

 Spells                   Type           Power      Damage    Failure   Level
 Confusing Touch          Hex            14%        N/A       12%         3
 Tukima's Dance           Hex            14%        N/A       12%         3
 Ensorcelled Hibernation  Hex/Ice        16%        N/A       13%         2
 Dazzling Flash           Conj/Hex       16%        N/A       26%         3


Dungeon Overview and Level Annotations

Branches:
Dungeon (1/15)

Altars:


Innate Abilities, Weirdness & Mutations

You are very small and have problems with some larger weapons.
You are too small for most types of armour.
You have supernaturally acute eyesight. (SInv)
You cover ground extremely quickly. (Speed+++)


Message History

You barely miss the bat. The bat hits you but does no damage.
No target in view!
No target in view!
No target in view!
The bat closely misses you.
A bat is nearby!
The bat barely misses you.
You see here a +0 mace.
The bat barely misses you.
You closely miss the bat. The bat misses you.
The bat hits you but does no damage.
You closely miss the bat. The bat closely misses you.
You hit the bat.
The bat is severely wounded.
The bat hits you but does no damage. The bat barely misses you.
The bat hits you but does no damage.
You hit the bat.
You kill the bat!
Your Spellcasting skill increases to level 3!
No target in view!
No target in view!
No target in view!
No target in view!
No target in view!
HP restored.
There is an open door here.
Found a stone staircase leading down.
Found a robe.
A goblin comes into view. It is wielding a +0 dagger of venom.
The goblin shouts!
The goblin completely misses you.
You completely miss the goblin.
A ball python comes into view.
The goblin hits you with a +0 dagger of venom.
You are lethally poisoned!
You miss the goblin.
* * * LOW HITPOINT WARNING * * *
You feel very sick.
The goblin hits you with a +0 dagger of venom.
You die...

.#..#.#..#.#.#.#.#
.##.....##.#.#.#..
..###+###....#.#.#
..........##.#.#..
....#..... ..#.#.#
....##### #.#.#.#
..........
.[#.#.###.#
..........
#.......#
..........
###@#####
.......... #g#
#........ #.#
#..♣.♣.♣.♣ S.#
##........ ###
.'........
.'........
.'........
##........


You could see a goblin and a ball python (wandering).

Vanquished Creatures
  A hobgoblin (D:1)
  2 bats (D:1)
  2 rats (D:1)
5 creatures vanquished.

Notes
Turn   | Place    | Note
-------+----------+-------------------------------------------
     0 | D:1      | nikt the Spriggan Enchanter began the quest for the Orb.
     0 | D:1      | Reached XP level 1. HP: 9/9 MP: 5/5
   144 | D:1      | Slain by a goblin

Illustrated notes

Levels and vault maps discovered:
D:1:      wander_arrival_estate, layout_basic, minmay_fountain_box,
          minmay_box_of_dots

Skill      XL: |  1 |
---------------+----+-----
Spellcasting   | 3 |  3.0
Short Blades   | |  1.1
Dodging        | |  2.6
Stealth        | |  4.4
Hexes          | |  3.8

Action                   || total
-------------------------++-------
Melee: Dagger            ||    17
 Stab: Sleeping          ||     1
Armor: Robe              ||     6
Dodge: Dodged            ||    17

Table legend: (Time is in decaauts)
 A = Elapsed time spent in this place.
 B = Non-inter-level travel time spent in this place.
 C = Inter-level travel time spent in this place.
 D = Time resting spent in this place.
 E = Time spent auto-exploring this place.
 F = Levels seen in this place.
 G = Mean time per level.
                   A        B        C        D        E       F      G
               +--------+--------+--------+--------+--------+-----+--------+
         Total |    113 |    113 |      0 |      0 |     87 |   1 |  113.0 |
       Dungeon |    113 |    113 |      0 |      0 |     87 |   1 |  113.0 |
               +--------+--------+--------+--------+--------+-----+--------+

Top non-repeatable levels by time:
     D:1: 113 daAuts
